 Dungeon Crawl Stone Soup version 0.30.1-3-gfc49f6343a (webtiles) character file.

Game seed: 409463114846011697

13176 Cheops the Grappler (level 11, -9/109 HPs)
             Began as a Troll Fighter on July 23, 2023.
             Was a High Priest of Wu Jian.
             Mangled by Rupert
             ... wielding a +4 battleaxe of electrocution
              (18 damage)
             ... on level 12 of the Dungeon.
             The game lasted 00:27:44 (18182 turns).

Cheops the Grappler (Troll Fighter)                Turns: 18182, Time: 00:27:44

Health: -9/109     AC:  9    Str: 38    XL:     11   Next: 72%
Magic:  10/10      EV:  9    Int: 11    God:    Wu Jian [*****.]
Gold:   457        SH:  9    Dex:  9    Spells: 10/10 levels left

rFire   . .          .
                       - Unarmed
rCold   . . .        b - +0 kite shield
rNeg    . . .        N - +0 steam dragon scales
rPois   .            e - +1 hat "Plog" {+Inv rCorr Int+3}
rElec   .            n - +0 cloak
rCorr   +            (gloves unavailable)
SInv    .            (boots unavailable)
Will    .....        (no amulet)
Stlth   +            y - +6 ring of strength
HPRegen 1.18/turn    P - +6 ring of strength
MPRegen 0.12/turn

%: no passive effects
@: mighty, about to teleport
A: large, unfitting armour, claws 3, regeneration 1, shaggy fur 1, tough skin 1
a: Renounce Religion, Evoke Invisibility, Wall Jump, Serpent's Lash, Heavenly
Storm


You were on level 12 of the Dungeon.
You worshipped Wu Jian.
Wu Jian was extremely pleased with you.
You visited 2 branches of the dungeon, and saw 13 of its levels.
You also visited: Ossuary.

You collected 977 gold pieces.
You spent 520 gold pieces at shops.

Inventory:

Hand Weapons
 j - a +2 dagger of freezing
 A - a +1 dagger of electrocution
 F - a +1 antimagic mace
 O - a +2 scimitar of flaming
Missiles
 k - a throwing net (quivered)
Armour
 a - a +0 robe
 b - a +0 kite shield (worn)
 e - the +1 hat "Plog" (worn) {+Inv rCorr Int+3}
   (You found it on level 7 of the Dungeon)

   Int:       It affects your intelligence (+3).
   +Inv:      It lets you turn invisible.
   rCorr:     It protects you from acid and corrosion.
 n - a +0 cloak (worn)
 N - +0 steam dragon scales (worn)
 U - a +1 robe of cold resistance
Jewellery
 t - a +6 ring of intelligence
 y - a +6 ring of strength (left claw)
 D - a ring of protection from fire
 P - a +6 ring of strength (right claw)
 R - a ring of ice
 T - a ring of ice
Wands
 u - a wand of light (5)
 x - a wand of charming (13)
 E - a wand of mindburst (18)
 K - a wand of flame (30)
 M - a wand of iceblast (16)
Scrolls
 d - 2 scrolls of fog
 g - 6 scrolls of amnesia
 h - 5 scrolls of teleportation
 i - a scroll of silence
 p - 3 scrolls of magic mapping
 r - a scroll of torment
 s - 2 scrolls of fear
 v - 3 scrolls of poison
 z - a scroll of immolation
 C - a scroll of enchant armour
 H - 3 scrolls of vulnerability
 I - 3 scrolls of summoning
 Q - a scroll of enchant weapon
Potions
 c - a potion of might
 f - 2 potions of flight {unknown}
 l - 4 potions of lignification {unknown}
 m - 3 potions of curing
 o - 2 potions of ambrosia {unknown}
 q - 3 potions of haste {unknown}
 w - 2 potions of mutation {unknown}
 B - 4 potions of attraction
 G - a potion of brilliance
 J - 4 potions of heal wounds {unknown}
 L - 2 potions of cancellation {unknown}
 S - a potion of berserk rage {unknown}


   Skills:
 + Level 7.5 Fighting
 - Level 2.4 Dodging
 + Level 8.3 Shields
 * Level 14.5 Unarmed Combat
 - Level 2.0 Evocations


You had 10 spell levels left.
You didn't know any spells.
Your spell library contained the following spells:

 Spells                   Type           Power      Damage    Failure   Level
 Necrotise                Necr           0%         1d4       47%         1
 Lesser Beckoning         Tloc           0%         N/A       63%         2
 Gell's Gravitas          Tloc           0%         N/A       85%         3
 Stone Arrow              Conj/Erth      0%         3d7       85%         3
 Teleport Other           Tloc           0%         N/A       85%         3
 Vampiric Draining        Necr           0%         2d6       85%         3
 Vhi's Electric Charge    Tloc/Air       0%         N/A       85%         3
 Animate Armour           Summ/Erth      0%         N/A       99%         4
 Olgreb's Toxic Radiance  Pois           0%         N/A       99%         4
 Agony                    Necr           0%         N/A       100%        5
 Arcjolt                  Conj/Air       0%         1d10      100%        5
 Blade Hands              Tmut           0%         N/A       100%        5
 Irradiate                Conj/Tmut      0%         3d11      100%        5
 Dragon Form              Tmut           0%         N/A       100%        7
 Malign Gateway           Summ/Tloc      0%         N/A       100%        7
 Discord                  Hex            0%         N/A       100%        8
 Ignition                 Fire           0%         3d3       100%        8
 Lehudib's Crystal Spear  Conj/Erth      0%         10d2      100%        8
 Maxwell's Capacitive Co  Air            0%         ∞         100%        8
 Summon Horrible Things   Summ           0%         N/A       100%        8


Dungeon Overview and Level Annotations

Branches:
Dungeon (12/15)            Temple (1/1) D:5            Lair (0/5) D:9
    Orc (0/2) D:10        Ossuary (visited)

Altars:
Ashenzari
Cheibriados
Dithmenos
Elyvilon
Fedhas
Gozag
Hepliaklqana
Kikubaaqudgha
Makhleb
Nemelex Xobeh
Okawaru
Qazlal
Ru
Sif Muna
Trog
Uskayaw
Vehumet
Wu Jian
Xom
Yredelemnul
Zin
The Shining One

Shops:
D:2 =   D:7 [(   D:11 *

Annotations:
D:3 exclusion: dancing weapon
D:12 Kirke, Rupert


Innate Abilities, Weirdness & Mutations

You are too large for most types of armour.
You have claws for hands.
Your natural rate of healing is unusually fast.
You are covered in fur. (AC +1)
You have tough skin. (AC +1)


Message History

You open the door.
Rupert shouts!
Rupert roars wildly at you.
You are confused.
You bump into the rock wall.
Rupert roars wildly at you.
You are more confused.
You bump into the rock wall.
You bump into the rock wall.
You're too confused to move!
You bump into the rock wall.
You feel better. Rupert roars wildly at you.
You are confused.
You feel very mighty all of a sudden.
Rupert shouts, "I'm a great and powerful hero!"
You feel better.
Rupert roars madly and goes into a rage!
Rupert goes berserk!
You barely miss Rupert. You block Rupert's attack.
Rupert hits you with a +4 battleaxe of electrocution!
You mangle Rupert!!
Rupert is lightly wounded.
Rupert hits you with a +4 battleaxe of electrocution!!!
* * * LOW HITPOINT WARNING * * *
You are electrocuted!
* * * LOW HITPOINT WARNING * * *
You claw Rupert!
Rupert is moderately wounded.
You block Rupert's attack.
You eviscerate Rupert!!!
Rupert is heavily wounded.
Rupert hits you with a +4 battleaxe of electrocution!!
* * * LOW HITPOINT WARNING * * *
You can't see any enemies this would affect, really read the scroll of fear?
Okay, then.
As you read the scroll of teleportation, it crumbles to dust.
You feel strangely unstable. Rupert barely misses you.
Rupert hits you with a +4 battleaxe of electrocution!!
You die...

# ### ### ###.# ##########.#
....###..........#
......#.########.# .######.# #.#
........# #.# .######## #.# .#
#.# ########## .#
#@#####......... .#
#.@.............. .#########
#######......)....
.........############............
.................................
.#####...########........).......
.##.............+................
.##.........#####...)#...........
.##..>......'...'..[)............


You could see Rupert (berserk).

Vanquished Creatures
  Fannar (D:11)
  Erica (D:8)
  2 two-headed ogres
  An orc knight (D:12)
  An orc sorcerer (D:7)
  Maurice (D:12)
  Maggie (D:7)
  2 kobold demonologists (D:9)
  A gargoyle (D:12)
  A troll (D:10)
  A hornet (D:10)
  A shadow (D:10)
  2 wyverns
  2 vampires
  4 hogs (D:12)
  3 yaks (D:11)
  2 basilisks
  A steam dragon (D:8)
  An acid dragon (D:9)
  4 water moccasins
  3 ice beasts
  A black bear (D:7)
  8 orc warriors
  A sky beast (D:6)
  The ghost of middlethird the Grave Robber, an amateur FoNe (D:3)
  An ogre (D:6)
  A phantom (D:7)
  6 centaurs
  Blork the orc (D:4)
  5 kobold brigands
  3 bullfrogs
  6 scorpions
  A gnoll sergeant (D:11)
  2 water moccasin zombies (Ossuary)
  5 wights (D:8)
  4 killer bees (D:11)
  3 electric eels (D:10)
  6 howler monkeys
  3 quasits (D:3)
  8 hounds
  A jelly (D:5)
  10 orc priests
  An iguana (D:5)
  18 orc wizards
  2 sleepcaps (D:5)
  2 mummies (Ossuary)
  3 gnolls (D:11)
  5 adders
  A shadow imp (D:7)
  A white imp (D:6)
  5 adder zombies (Ossuary)
  A worm (D:4)
  2 dart slugs
  61 orcs
  6 ball pythons
  3 endoplasms
  5 giant cockroaches
  9 goblins
  11 hobgoblins
  4 jackals (D:3)
  4 quokkas
  2 frilled lizards
  5 gnoll zombies (Ossuary)
  5 hobgoblin zombies (Ossuary)
  30 kobolds
  8 kobold zombies (Ossuary)
  4 orc zombies (Ossuary)
  4 rats
315 creatures vanquished.

Vanquished Creatures (others)
  A wizard (D:7)
  An orc wizard (D:8)
2 creatures vanquished.

Grand Total: 317 creatures vanquished

Notes
Turn   | Place    | Note
-------+----------+-------------------------------------------
     0 | D:1      | Cheops the Troll Fighter began the quest for the Orb.
     0 | D:1      | Reached XP level 1. HP: 22/22 MP: 0/0
   111 | D:1      | Reached XP level 2. HP: 29/29 MP: 1/1
   155 | D:1      | Reached skill level 3 in Unarmed Combat
   889 | D:2      | Reached XP level 3. HP: 36/36 MP: 2/2
  1242 | D:2      | Found a transporter.
  1242 | D:2      | Found Ubiaxzeh's Jewellery Shop.
  1247 | D:2      | Found a transporter.
  1663 | D:3      | Found a transporter.
  1667 | D:3      | Noticed middlethird's ghost (amateur FoNe)
  1765 | D:3      | Found a hazy altar of Hepliaklqana.
  1765 | D:3      | Found a white marble altar of Elyvilon.
  1771 | D:3      | Reached skill level 4 in Unarmed Combat
  1847 | D:3      | Noticed a +0 dagger
  1847 | D:3      | Noticed a +0 falchion
  1847 | D:3      | Noticed a +0 dagger
  1848 | D:3      | Noticed a +0 spear
  1848 | D:3      | Noticed a +0 short sword
  1848 | D:3      | Noticed a +0 falchion
  1850 | D:3      | Noticed a +0 spear
  1850 | D:3      | Noticed a +0 short sword
  1865 | D:3      | Found a hide-covered altar of Uskayaw.
  1999 | D:3      | Found a transporter.
  2058 | D:3      | Found a faded altar of an unknown god.
  2560 | D:4      | Reached XP level 4. HP: 44/44 MP: 3/3
  2587 | D:4      | Noticed a kobold brigand
  2604 | D:4      | Killed a kobold brigand
  2605 | D:4      | Reached skill level 5 in Unarmed Combat
  2605 | D:4      | Reached XP level 5. HP: 35/50 MP: 4/4
  2640 | D:4      | Reached skill level 6 in Unarmed Combat
  2726 | D:4      | Noticed Blork the orc
  2734 | D:4      | Killed Blork the orc
  2735 | D:4      | Reached XP level 6. HP: 48/59 MP: 5/5
  2965 | D:4      | Reached skill level 7 in Unarmed Combat
  3800 | D:5      | Entered Level 5 of the Dungeon
  3903 | D:5      | Reached XP level 7. HP: 59/66 MP: 6/6
  3995 | D:5      | Reached skill level 8 in Unarmed Combat
  4533 | D:5      | Found a staircase to the Ecumenical Temple.
  4765 | Temple   | Entered the Ecumenical Temple
  4943 | Temple   | Became a worshipper of the Wu Jian Council
  5113 | D:6      | Reached skill level 1 in Evocations
  5236 | D:6      | Reached XP level 8. HP: 64/74 MP: 7/7
  5377 | D:6      | Reached skill level 9 in Unarmed Combat
  5581 | D:6      | You fall into a shaft and drop 1 floor!
  5581 | D:7      | Found a sand-covered staircase.
  5638 | D:7      | Noticed a wizard
  5639 | D:7      | Noticed an orc sorcerer
  5651 | D:7      | Reached * piety under Wu Jian
  5798 | D:7      | Reached skill level 10 in Unarmed Combat
  5834 | Ossuary  | Entered an ossuary
  5858 | Ossuary  | Reached XP level 9. HP: 83/84 MP: 8/8
  5921 | Ossuary  | Reached ** piety under Wu Jian
  6024 | D:7      | Killed an orc sorcerer
  6050 | D:7      | Killed a wizard
  6051 | D:7      | Reached skill level 5 in Shields
  6058 | D:7      | Identified the +1 hat "Plog" {+Inv rCorr Int+3}
  6126 | D:7      | Found Funwetir's Antique Armour Boutique.
  6332 | D:7      | Found Qopeggoh's Weapon Emporium.
  6446 | D:7      | Noticed Maggie
  6457 | D:7      | Killed Maggie
  6458 | D:7      | Reached skill level 11 in Unarmed Combat
  6998 | D:8      | Reached skill level 5 in Fighting
  7024 | D:8      | Noticed Erica
  7040 | D:8      | Killed Erica
  7041 | D:8      | Reached XP level 10. HP: 48/96 MP: 9/9
  7151 | D:8      | Reached skill level 12 in Unarmed Combat
  7200 | D:8      | Reached *** piety under Wu Jian
  7347 | D:8      | Found a bloodstained altar of Trog.
  7658 | D:9      | Found a blossoming altar of Fedhas.
  7748 | D:9      | Noticed a sixfirhy
  7840 | D:9      | Found a staircase to the Lair.
  8253 | D:10     | Entered Level 10 of the Dungeon
  8505 | D:10     | Reached **** piety under Wu Jian
  8506 | D:10     | Reached skill level 13 in Unarmed Combat
  8568 | D:10     | Found a staircase to the Orcish Mines.
  8819 | D:10     | Reached XP level 11. HP: 78/107 MP: 10/10
  9086 | D:10     | Noticed a two-headed ogre
  9090 | D:10     | Killed a two-headed ogre
  9684 | D:10     | Found a staircase to the Orcish Mines.
 10362 | D:9      | Found a staircase to the Lair.
 10454 | D:9      | Found a blossoming altar of Fedhas.
 11131 | D:8      | Found a bloodstained altar of Trog.
 11429 | D:7      | Found Qopeggoh's Weapon Emporium.
 11755 | D:7      | Found Funwetir's Antique Armour Boutique.
 12624 | D:5      | Found a staircase to the Ecumenical Temple.
 14388 | D:3      | Found a hide-covered altar of Uskayaw.
 14487 | D:3      | Found a transporter.
 14537 | D:3      | Found a transporter.
 14723 | D:3      | Found a hazy altar of Hepliaklqana.
 14723 | D:3      | Found a white marble altar of Elyvilon.
 14769 | D:3      | Found a faded altar of an unknown god.
 15238 | D:2      | Found a transporter.
 15238 | D:2      | Found Ubiaxzeh's Jewellery Shop.
 15473 | D:2      | Found a transporter.
 16190 | D:3      | Killed middlethird's ghost
 16544 | D:11     | Noticed Fannar
 16566 | D:11     | Killed Fannar
 16696 | D:11     | Found Vooghev's Changing Room.
 16715 | D:11     | Bought a book of Transfigurations for 520 gold pieces
 17027 | D:11     | Found a broken altar of Ashenzari.
 17541 | D:12     | Noticed a two-headed ogre
 17547 | D:12     | Killed a two-headed ogre
 17548 | D:12     | Reached skill level 14 in Unarmed Combat
 17828 | D:12     | Noticed Rupert
 17829 | D:12     | Paralysed by Rupert for 5 turns
 17836 | D:12     | Noticed Kirke
 17899 | D:12     | Noticed an orc knight
 17907 | D:12     | Killed an orc knight
 17944 | D:12     | Noticed Maurice
 17969 | D:12     | Killed Maurice
 17974 | D:12     | Reached ***** piety under Wu Jian
 18182 | D:12     | Mangled by Rupert

Illustrated notes

Levels and vault maps discovered:
D:1:      lemuel_arrival_river_passageway, layout_rooms
D:2:      layout_loops_ring, serial_shops, nicolae_shop_drivethru,
          serial_park_tiny_2
D:3:      layout_loops_ring, gammafunk_temple_overflow_pools,
          nicolae_uskayaw_en_pointe, gammafunk_ghost_stat_death,
          ebering_ecumenical_altar_abandoned, nicolae_elevator_lobby_plus
D:4:      layout_layer_cave, hangedman_decor_riveting, uniq_blork_the_orc
D:5:      layout_basic, minmay_temple_entry_junction_2
D:6:      minmay_spotlight, layout_rooms, minmay_joined_circles
D:7:      cheibrodos_wizards_tower, layout_basic,
          nicolae_ossuary_entry_monument, serial_shops, shop, shop, uniq_maggie
D:8:      layout_rooms, trog_book, corexii_corridor_pit, uniq_erica
D:9:      layout_roguey, fedhas_altar_1, lair_entry_dummy
D:10:     layout_basic, erik_orc_2, minivault_19
D:11:     layout_roguey, nicolae_transmutations_shop, ashenzari_altar_1,
          uniq_fannar
D:12:     cheibrodos_orc_bank, layout_basic, uniq_kirke, uniq_maurice,
          uniq_rupert
Temple:   minmay_crystal_spiral_temple

Skill      XL: |  1  2  3  4  5  6  7  8  9 10 11 |
---------------+----------------------------------+-----
Unarmed Combat | 3 4 5 6 7 8 10 11 13 14 | 14.5
Evocations     | 2 |  2.0
Shields        | 3 4 5 7 8 |  8.3
Fighting       | 4 5 6 7 |  7.5
Dodging        | |  2.4

Action                     |  1- 3 |  4- 6 |  7- 9 | 10-12 || total
---------------------------+-------+-------+-------+-------++-------
  Melee: Unarmed           |   105 |    94 |   293 |   417 ||   909
Ability: Lunge             |       |       |    15 |    26 ||    41
         Whirlwind         |       |       |     7 |     8 ||    15
  Evoke: Wand              |       |       |       |     8 ||     8
    Use: Scroll            |       |       |    10 |     8 ||    18
         Potion            |       |       |     5 |     4 ||     9
 Armour: Robe              |    27 |    21 |    59 |       ||   107
         Steam dragon scal |       |       |    24 |   140 ||   164
  Dodge: Dodged            |    29 |    19 |    59 |   112 ||   219
  Block: Kite shield       |    33 |    23 |   104 |   164 ||   324
